[Event "Team 45 45 League T73"]
[Site "Internet Chess Club"]
[Date "2017.07.20"]
[Round "6"]
[White "watkins"]
[Black "crazyhorses"]
[Result "0-1"]
[WhiteElo "1513"]
[BlackElo "1404"]
[Opening "English opening"]
[ECO "A20"]
[Time "12:16:34"]
[TimeControl "2700+45"]

1. c4 e5 2. g3 d6 3. Bg2 c6 4. e3 Nf6 5. Nc3 Be7 6. Nge2 O-O 7. O-O Be6 8. b3
Nbd7 9. d4 d5 10. cxd5 Nxd5 11. Bb2 Nxc3 12. Bxc3 Bf6 13. Rc1 exd4 14. Nxd4 Bxd4
15. Qxd4 Nf6 16. Rfd1 Qxd4 17. Rxd4 Nd5 18. Bb2 f6 19. e4 Nc7 20. Rb4 Rab8 21.
e5 f5 22. Rd4 Nd5 23. Re1 Rf7 24. f4 h5 25. Bf3 g6 26. Kf2 h4 27. Rg1 hxg3+ 28.
hxg3 Rh7 29. Rdd1 Kf7 30. Rh1 Rbh8 31. Rxh7+ Rxh7 32. Rh1 Rxh1 33. Bxh1 Nb4 34.
Bd4 Nxa2 35. Bxa7 Bxb3 36. Bb6 Nb4 37. Ke3 Bd5 38. Bc5 Na6 39. Bxd5+ cxd5 40.
Kd4 Ke6 41. Bb6 Nb4 42. Kc5 Nc2 43. Kb5 Ne1 44. Be3 Nf3 45. Kb6 d4 46. Bc1 d3
47. Kxb7 d2 48. Bxd2 Nxd2 49. Kc7 Nf1 50. Kd8 Nxg3 51. Ke8 Nh5 52. Kf8 Nxf4 53.
Kg7 g5 54. Kh6 g4 55. Kg5 Kxe5 56. Kh4 Ne2 57. Kg5 Ke4 58. Kh4 Kf3 59. Kg5 g3
60. Kh4 g2 61. Kh3 g1=Q 62. Kh4 Qg4# {White checkmated} 0-1

[Event "Team 45 45 League T73"]
[Site "Internet Chess Club"]
[Date "2017.07.24"]
[Round "6"]
[White "MartyJR"]
[Black "Kingofknights"]
[Result "1-0"]
[WhiteElo "1459"]
[BlackElo "1459"]
[Opening "QGD Slav defense"]
[ECO "D10"]
[Time "21:00:40"]
[TimeControl "2700+45"]

1. d4 d5 2. c4 c6 3. Nc3 Nf6 4. e3 Bf5 5. Qb3 Qb6 6. cxd5 Qxb3 7. axb3 cxd5 8.
Nb5 Na6 9. Rxa6 bxa6 10. Nc7+ Kd7 11. Nxa8 Kc6 12. Bxa6 e6 13. Bd2 Ne4 14. Nf3
f6 15. O-O Be7 16. Rc1+ Kd6 17. Bb4+ {Black resigns} 1-0

[Event "Team 45 45 League T73"]
[Site "Internet Chess Club"]
[Date "2017.07.22"]
[Round "6"]
[White "junard"]
[Black "f5"]
[Result "0-1"]
[WhiteElo "1871"]
[BlackElo "2034"]
[Opening "Dutch defense"]
[ECO "A81"]
[Time "23:09:01"]
[TimeControl "2700+45"]

1. d4 f5 2. g3 Nf6 3. Bg2 g6 4. b3 Bg7 5. Bb2 d6 6. Nf3 O-O 7. O-O Ne4 8. Nbd2
Nxd2 9. Qxd2 Nd7 10. Rad1 Qe8 11. Qd3 c6 12. e4 f4 13. e5 d5 14. c4 Nb6 15. c5
Bf5 16. Qe2 Nd7 17. Nh4 Be6 18. Nf3 h6 19. Ne1 g5 20. Bf3 Qg6 21. Bg4 Bxg4 22.
Qxg4 e6 23. h4 fxg3 24. fxg3 Rxf1+ 25. Kxf1 Rf8+ 26. Kg2 h5 27. Qxg5 Qe4+ 28.
Kg1 Qe2 29. Qd2 Rf1# {White checkmated} 0-1

[Event "Team 45 45 League T73"]
[Site "Internet Chess Club"]
[Date "2017.07.22"]
[Round "6"]
[White "santiagoelawad"]
[Black "Dreamshell"]
[Result "1-0"]
[WhiteElo "1969"]
[BlackElo "1843"]
[Opening "English: ultra-symmetrical variation"]
[ECO "A36"]
[Time "11:03:22"]
[TimeControl "2700+45"]

1. c4 c5 2. Nc3 Nc6 3. g3 g6 4. Bg2 Bg7 5. Rb1 e5 6. a3 Nge7 7. b4 d6 8. d3 O-O
9. e3 Rb8 10. Nge2 Bf5 11. O-O Qd7 12. Nd5 Nxd5 13. cxd5 Ne7 14. f4 exf4 15.
Nxf4 c4 16. e4 Bg4 17. Bf3 Bxf3 18. Rxf3 b5 19. Be3 Rfc8 20. Rf2 cxd3 21. Qxd3
Rc3 22. Qd2 Rxa3 23. Bd4 Bxd4 24. Qxd4 Rf8 25. Rbf1 f5 26. Ne6 Rf7 27. Rc2 Qe8
28. e5 dxe5 29. Qxe5 Rd3 30. d6 Nc8 31. Qxb5 Nxd6 32. Qxd3 Qxe6 33. Rc6 Rd7 34.
Rd1 Kf7 35. Qd5 Qxd5 36. Rxd5 Ke6 37. Rd1 Ke7 38. Kf1 Ke6 39. Ke2 Ke7 40. Rd3
Ke6 41. Ke3 Ke7 42. Kf4 h6 43. Re3+ Kf7 44. h4 h5 45. Ra3 Nb5 46. Raa6 Rd4+ 47.
Kg5 Rg4+ 48. Kh6 Rxg3 49. Rf6+ Ke7 50. Rae6+ Kd7 51. Rxg6 Rb3 52. Ref6 Ke7 53.
Rxf5 Rxb4 54. Kxh5 a5 55. Rb6 Nd4 56. Rxb4 axb4 57. Rd5 Ne6 58. Rb5 {Black
resigns} 1-0

[Event "Team 45 45 League T73"]
[Site "Internet Chess Club"]
[Date "2017.07.20"]
[Round "6"]
[White "Heian"]
[Black "Bryant-L"]
[Result "1-0"]
[WhiteElo "1656"]
[BlackElo "1694"]
[Opening "Robatsch (modern) defense"]
[ECO "B06"]
[Time "19:06:02"]
[TimeControl "2700+45"]

1. e4 g6 2. Nf3 Bg7 3. Bc4 d6 4. c3 Nf6 5. d3 c5 6. h3 Nc6 7. O-O O-O 8. Be3 Na5
9. Bb3 Nxb3 10. Qxb3 Qc7 11. Nbd2 Be6 12. c4 Rfb8 13. Ng5 Bd7 14. d4 h6 15. Ngf3
b5 16. Qc2 bxc4 17. Nxc4 Bb5 18. b3 d5 19. exd5 Nxd5 20. Rac1 Nxe3 21. fxe3 cxd4
22. exd4 Qd7 23. Rcd1 Rc8 24. Qe4 Qc7 25. Rc1 e6 26. Nfe5 Bc6 27. Qf4 Rf8 28.
Nd2 Bxe5 29. dxe5 Kg7 30. Ne4 Qb6+ 31. Nf2 Rad8 32. Kh2 h5 33. Rc4 Bb5 34. Qf6+
Kh7 35. Ne4 Bxc4 36. bxc4 Rd7 37. Qg5 Rd4 38. Nf6+ Kg7 39. Nxh5+ Kh7 40. Nf6+
Kg7 41. Ng4 Rxg4 42. Qf6+ Kg8 43. hxg4 Qd8 44. g5 Qxf6 45. gxf6 Rc8 46. Rf4 Rc5
47. Re4 Ra5 48. Kg3 Rxa2 49. Rd4 g5 50. Kg4 Rxg2+ 51. Kh5 Rh2+ 52. Kxg5 Rg2+ 53.
Kh6 Rh2+ 54. Kg5 Rg2+ 55. Kf4 Rc2 56. Ke3 Kh7 57. Rg4 a5 58. Kd3 Rc1 59. Rg7+
Kh6 60. Rxf7 Re1 61. Kd4 a4 62. Ra7 Ra1 63. Kc5 a3 64. Kd6 a2 65. Kxe6 Kg6 66.
c5 {Black resigns} 1-0

[Event "Team 45 45 League T73"]
[Site "Internet Chess Club"]
[Date "2017.07.22"]
[Round "6"]
[White "gomeschess"]
[Black "Freitac"]
[Result "1-0"]
[WhiteElo "2087"]
[BlackElo "1967"]
[Opening "Sicilian, Szén (`anti-Taimanov') variation"]
[ECO "B44"]
[Time "13:30:33"]
[TimeControl "2700+45"]

1. e4 c5 2. Nf3 e6 3. d4 cxd4 4. Nxd4 Nc6 5. Nb5 d6 6. Bf4 e5 7. Be3 a6 8. N5c3
Nf6 9. a4 Be6 10. Bg5 Be7 11. Bxf6 Bxf6 12. Nd5 O-O 13. c3 Bg5 14. Be2 f5 15.
exf5 Bxf5 16. O-O Ne7 17. Na3 Be6 18. Nxe7+ Qxe7 19. Bc4 Rac8 20. Qd3 Bxc4 21.
Nxc4 Qc7 22. Qd5+ Kh8 23. Nxd6 Rcd8 24. Rad1 Rf6 25. Qxb7 Qxb7 26. Nxb7 Rb8 27.
Nc5 Rc6 28. b4 a5 29. Nd7 Rb7 30. Nc5 Rb8 31. Ne4 Bf6 32. bxa5 Rc4 33. Rb1 Ra8
34. Rb4 Rc6 35. Rfb1 Kg8 36. Rb5 Rca6 37. Nxf6+ gxf6 38. Rb8+ Kf7 39. Rxa8 Rxa8
40. Rb5 Ke6 41. c4 Rc8 42. c5 Kd5 43. g4 Rg8 44. h3 h5 45. f3 hxg4 46. hxg4 f5
47. g5 Rxg5+ 48. Kf2 Rh5 49. a6 Rh8 50. c6+ Kxc6 51. Rxe5 Rf8 52. a5 Kd6 53. f4
Rf7 54. Kg3 Rg7+ 55. Kh3 Rh7+ 56. Kg3 Rg7+ 57. Kf3 Rf7 58. Ke3 Rf8 59. Kd4 Kc6
60. Rc5+ Kd6 61. Kc4 Rf7 62. Kb5 Rf8 63. a7 Ra8 64. Kb6 Rf8 65. Rxf5 {Black
resigns} 1-0

[Event "Team 45 45 League T73"]
[Site "Internet Chess Club"]
[Date "2017.07.20"]
[Round "6"]
[White "charles-allen"]
[Black "soccerisfun"]
[Result "1/2-1/2"]
[WhiteElo "1849"]
[BlackElo "1975"]
[Opening "Bird's opening"]
[ECO "A02"]
[Time "20:16:29"]
[TimeControl "2700+45"]

1. f4 b6 2. Nf3 Bb7 3. e3 e6 4. Be2 c5 5. O-O d5 6. b3 Nf6 7. Bb2 Be7 8. d3 Nc6
9. Ne5 O-O 10. Nd2 d4 11. Nxc6 Bxc6 12. e4 b5 13. c3 dxc3 14. Bxc3 b4 15. Be5
Nd7 16. Bb2 a5 17. a4 Bf6 18. e5 Be7 19. Bf3 Bxf3 20. Qxf3 Nb6 21. f5 exf5 22.
Qxf5 g6 23. Qf3 Qd5 24. Qg3 Rad8 25. Rf3 Qe6 26. Raf1 Nd5 27. Ne4 Kg7 28. Nf6
Nc3 29. Qg5 h6 30. Nh5+ Kh7 31. Nf6+ Kg7 32. Nh5+ Kh7 33. Nf6+ Bxf6 34. Qxf6
Qxf6 35. Rxf6 Kg8 36. e6 fxe6 37. Rxg6+ Kh7 38. Rxf8 Rxf8 39. Rxe6 Rd8 40. Re3
c4 41. bxc4 Nxa4 42. Bf6 Rd6 43. Re7+ Kg6 44. Be5 Rxd3 45. g4 Kg5 46. Rg7+ Kh4
47. Kg2 Rd2+ 48. Kf3 Rd3+ 49. Kg2 Rd2+ 50. Kf3 Rd3+ 51. Kg2 {Game drawn by
repetition} 1/2-1/2

[Event "Team 45 45 League T73"]
[Site "Internet Chess Club"]
[Date "2017.07.23"]
[Round "6"]
[White "ears"]
[Black "passedpawn"]
[Result "1/2-1/2"]
[WhiteElo "1740"]
[BlackElo "1839"]
[Opening "Catalan: closed, 6...Nbd7"]
[ECO "E07"]
[Time "18:06:16"]
[TimeControl "2700+45"]

1. d4 Nf6 2. c4 e6 3. g3 d5 4. Bg2 Be7 5. Nf3 O-O 6. O-O Nbd7 7. b3 c6 8. Bb2 b6
9. Nc3 Bb7 10. e3 Rc8 11. Qe2 dxc4 12. bxc4 c5 13. Rfd1 cxd4 14. exd4 Ba6 15.
Nd2 Bb4 16. Nb5 Bxb5 17. cxb5 Qe7 18. Rac1 Ba3 19. Nc4 Bxb2 20. Qxb2 Rfd8 21.
Rc2 Nf8 22. Ne5 Rxc2 23. Qxc2 Qd6 24. Nc6 Rd7 25. Qa4 Qc7 26. Bf3 Ng6 27. Qb3
Nd5 28. Qb2 Kh8 29. h4 Qb7 30. h5 Nf8 31. Qa3 Kg8 32. h6 Ng6 33. hxg7 Kxg7 34.
Qc1 h6 35. Kg2 Qc8 36. Rh1 Qh8 37. Qa3 Qf8 38. Qc1 Qh8 39. Qa3 Qf8 40. Qc1 Qh8
{Game drawn by repetition} 1/2-1/2

[Event "Team 45 45 League T73"]
[Site "Internet Chess Club"]
[Date "2017.07.23"]
[Round "6"]
[White "AVEMARIA"]
[Black "cap78red"]
[Result "1-0"]
[WhiteElo "1655"]
[BlackElo "1450"]
[Opening "Alekhine's defense: modern, Larsen variation"]
[ECO "B04"]
[Time "14:00:37"]
[TimeControl "2700+45"]

1. e4 Nf6 2. e5 Nd5 3. d4 d6 4. Nf3 dxe5 5. dxe5 e6 6. c3 Be7 7. Bd3 O-O 8. O-O
Na6 9. Qe2 Kh8 10. Rd1 Nc5 11. Bc2 Bd7 12. Bd2 f5 13. c4 Nb6 14. Nc3 Qe8 15. b3
Rd8 16. a4 Bc8 17. Nb5 c6 18. Nxa7 Qg6 19. Ba5 Rxd1+ 20. Rxd1 Nbd7 21. b4 Ne4
22. Nxc8 Ndc5 23. Nxe7 Nxf2 24. Nxg6+ {Black resigns} 1-0

[Event "Team 45 45 League T73"]
[Site "Internet Chess Club"]
[Date "2017.07.21"]
[Round "6"]
[White "PsyMar"]
[Black "tryanything"]
[Result "0-1"]
[WhiteElo "1244"]
[BlackElo "1564"]
[Opening "Two knights defense"]
[ECO "C55"]
[Time "17:52:42"]
[TimeControl "2700+45"]

1. e4 Nc6 2. d4 e5 3. Nf3 exd4 4. Bc4 Nf6 5. O-O d6 6. Re1 Be7 7. c3 dxc3 8.
Nxc3 O-O 9. Bg5 Bg4 10. a3 Ne5 11. Be2 Nxf3+ 12. gxf3 Bh3 13. Bf1 Bxf1 14. Kxf1
h6 15. Bh4 Nh7 16. Bg3 Bh4 17. f4 Bxg3 18. hxg3 c6 19. Qb3 Rb8 20. Rad1 Qc7 21.
Qc2 Rbc8 22. Kg2 Nf6 23. b4 a6 24. Kf3 Rfe8 25. g4 d5 26. g5 dxe4+ 27. Nxe4 Nd5
28. gxh6 Qxf4+ 29. Kg2 Qxh6 30. Rh1 Qg6+ 31. Ng3 Qxc2 {White resigns} 0-1

[Event "Team 45 45 League T73"]
[Site "Internet Chess Club"]
[Date "2017.07.22"]
[Round "6"]
[White "SAC2001"]
[Black "Signalman"]
[Result "1-0"]
[WhiteElo "1960"]
[BlackElo "1849"]
[Opening "French: Tarrasch"]
[ECO "C03"]
[Time "11:03:07"]
[TimeControl "2700+45"]

1. e4 e6 2. d4 d5 3. Nd2 Be7 4. c3 Nf6 5. e5 Nfd7 6. Bd3 c5 7. Ne2 c4 8. Bb1 b5
9. b4 a5 10. bxa5 Rxa5 11. O-O Nc6 12. Nf3 b4 13. Bb2 bxc3 14. Bxc3 Ra3 15. Qc2
Bb4 16. Bb2 Ra8 17. Nc3 Ba6 18. Rd1 Rb8 19. a4 Qa5 20. h3 Be7 21. Ne2 Nb4 22.
Qd2 Nc6 23. Bc3 Bb4 24. Bc2 O-O 25. Rab1 Rb7 26. Bxb4 Rxb4 27. Rxb4 Qxb4 28. Nc3
Rb8 29. Rb1 Qf8 30. Nb5 Bxb5 31. axb5 Na7 32. Qa5 Nc8 33. Ra1 Ncb6 34. Qc3 Ra8
35. Ra6 Qc8 36. Qa3 Rxa6 37. bxa6 h6 38. a7 Qa8 39. Qa5 Nc8 40. Qc7 Nf8 41. Qb8
Qxa7 42. Qxc8 Qa1+ 43. Kh2 Qc1 44. Ba4 Qf4+ 45. Kh1 Qc1+ 46. Ng1 Qf4 47. Be8
Qxf2 48. Nf3 Qg3 49. Qb7 Qf4 50. Qb2 Ng6 51. Ba4 Nf8 52. Kg1 Nh7 53. Qb8+ Nf8
54. Qb1 g6 55. Kf2 h5 56. h4 {Black forfeits on time} 1-0

[Event "Team 45 45 League T73"]
[Site "Internet Chess Club"]
[Date "2017.07.23"]
[Round "6"]
[White "gera-carp75"]
[Black "jjimalo"]
[Result "0-1"]
[WhiteElo "1819"]
[BlackElo "1760"]
[Opening "Sicilian: Najdorf, Lipnitzky attack"]
[ECO "B86"]
[Time "12:00:52"]
[TimeControl "2700+45"]

1. e4 c5 2. Nf3 d6 3. d4 cxd4 4. Nxd4 Nf6 5. Nc3 a6 6. Bc4 e6 7. Bb3 Be7 8. f4
O-O 9. f5 exf5 10. exf5 d5 11. O-O Nc6 12. Kh1 Na5 13. Qf3 Nxb3 14. axb3 h6 15.
Be3 Re8 16. Rfd1 Bc5 17. Bg1 Qd7 18. g4 b6 19. Nce2 Bb7 20. c3 Re4 21. Ng3 Rae8
22. Bf2 Nxg4 23. Nxe4 dxe4 24. Qxg4 e3+ 25. Kg1 exf2+ 26. Kxf2 Re4 {White
resigns} 0-1

[Event "Team 45 45 League T73"]
[Site "Internet Chess Club"]
[Date "2017.07.24"]
[Round "6"]
[White "elmaestro"]
[Black "backrankbrawler"]
[Result "1-0"]
[WhiteElo "1712"]
[BlackElo "1699"]
[Opening "Queen's pawn: London system"]
[ECO "A45"]
[Time "21:00:44"]
[TimeControl "2700+45"]

1. d4 Nf6 2. Bf4 e6 3. e3 d5 4. Bd3 Bd6 5. Nd2 Bxf4 6. exf4 Qd6 7. Ne2 O-O 8. c3
b6 9. Nf3 Ba6 10. Ne5 Bxd3 11. Qxd3 c5 12. g4 cxd4 13. Nxd4 a6 14. g5 Ne4 15. f3
Nc5 16. Qe3 Ncd7 17. h4 Rc8 18. O-O Nf8 19. h5 Nbd7 20. Rf2 b5 21. a3 Nb6 22.
Re1 Nc4 23. Nxc4 bxc4 24. f5 Re8 25. f6 Nd7 26. Rg2 Nc5 27. Nf5 Qc6 28. Nxg7
Reb8 29. g6 Nd3 30. Qh6 fxg6 31. hxg6 hxg6 32. Rxg6 Qb6+ 33. Re3 Kf7 34. Nxe6
Qxe3+ 35. Qxe3 Kxg6 36. Nc7 Kxf6 37. Qe6+ Kg7 38. Nxa8 Rxa8 39. Qxd5 Rb8 40.
Qxc4 {Black resigns} 1-0

[Event "Team 45 45 League T73"]
[Site "Internet Chess Club"]
[Date "2017.07.23"]
[Round "6"]
[White "rookbattery"]
[Black "kllrchris"]
[Result "1-0"]
[WhiteElo "1592"]
[BlackElo "1642"]
[Opening "Sicilian: Najdorf"]
[ECO "B90"]
[Time "21:05:51"]
[TimeControl "2700+45"]

1. e4 c5 2. Nf3 d6 3. d4 cxd4 4. Nxd4 Nf6 5. Nc3 a6 6. f3 e5 7. Nb3 Be6 8. Be3
Be7 9. Qd2 O-O 10. g4 b5 11. Nd5 Nxd5 12. exd5 Bh4+ 13. Bf2 Bxf2+ 14. Kxf2 Qh4+
15. Kg2 Bc8 16. Be2 Nd7 17. a4 bxa4 18. Rxa4 f5 19. h3 Nf6 20. Na5 Nh5 21. Qe1
Nf4+ 22. Kf1 Qxe1+ 23. Kxe1 Nxd5 24. Bc4 Be6 25. Nc6 Rae8 26. Rxa6 Nf4 27. Bxe6+
Nxe6 28. b4 Ra8 29. b5 Nc5 30. Rxa8 Rxa8 31. Kd2 fxg4 32. hxg4 Rf8 33. Ne7+ Kh8
34. Ng6+ {Black resigns} 1-0

[Event "Team 45 45 League T73"]
[Site "Internet Chess Club"]
[Date "2017.07.19"]
[Round "6"]
[White "QuieroAprender"]
[Black "MasterD"]
[Result "1-0"]
[WhiteElo "1608"]
[BlackElo "1475"]
[Opening "Sicilian: Grand Prix attack"]
[ECO "B23"]
[Time "13:43:52"]
[TimeControl "2700+45"]

1. e4 c5 2. Nc3 Nc6 3. f4 d6 4. Nf3 Nf6 5. Bb5 Bd7 6. d3 a6 7. Bxc6 Bxc6 8. O-O
e6 9. h3 h5 10. Qe2 Be7 11. b3 b5 12. Bb2 O-O 13. e5 dxe5 14. fxe5 Nd5 15. Nxd5
Qxd5 16. c4 Qd7 17. Rad1 Rad8 18. d4 Qb7 19. Rd2 Qb6 20. Rfd1 cxd4 21. Bxd4 Qb7
22. Bc3 Rxd2 23. Rxd2 Rd8 24. Rxd8+ Bxd8 25. c5 Be7 26. b4 Qd7 27. Nd4 Bd5 28.
a4 Bc4 29. Qxh5 Qd5 30. Qf3 Qd7 31. Qa8+ Kh7 32. Qc6 Qxc6 33. Nxc6 Bg5 34. a5
Bd5 35. Nb8 Bb7 36. c6 Bc8 37. c7 Kg6 38. Kf2 Kf5 39. Nc6 Bb7 40. Nd8 Bc8 41.
Nxf7 Be7 42. Nd6+ {Black resigns} 1-0

[Event "Team 45 45 League T73"]
[Site "Internet Chess Club"]
[Date "2017.07.20"]
[Round "6"]
[White "KnightmanAJ"]
[Black "pcvan"]
[Result "1-0"]
[WhiteElo "1399"]
[BlackElo "1380"]
[Opening "Sicilian: Najdorf, 7...Be7"]
[ECO "B98"]
[Time "20:31:27"]
[TimeControl "2700+45"]

1. e4 c5 2. Nf3 d6 3. d4 cxd4 4. Nxd4 Nf6 5. Nc3 a6 6. Bg5 e6 7. f4 Be7 8. Qf3
Nbd7 9. O-O-O b5 10. e5 Nd5 11. Nc6 Nxe5 12. Bxe7 Nxf3 13. Bxd8 Bd7 14. gxf3
Bxc6 15. Nxd5 Rxd8 16. Nc7+ Kd7 17. Nxa6 Bxf3 18. Bxb5+ Ke7 19. Rhf1 Bxd1 20.
Rxd1 f5 21. Nb4 Rb8 22. Nc6+ Kf6 23. Nxb8 {Black resigns} 1-0

[Event "Team 45 45 League T73"]
[Site "Internet Chess Club"]
[Date "2017.07.21"]
[Round "6"]
[White "drsigmund1"]
[Black "mattwang"]
[Result "1-0"]
[WhiteElo "1433"]
[BlackElo "1364"]
[Opening "Queen's pawn, Mason variation"]
[ECO "D00"]
[Time "20:00:50"]
[TimeControl "2700+45"]

1. d4 d5 2. Bf4 Nf6 3. e3 Bf5 4. Nd2 e6 5. Ngf3 Be7 6. Be2 O-O 7. O-O Nc6 8. c3
Qd7 9. Bb5 Bd6 10. Ne5 Bxe5 11. Bxe5 Ne4 12. Nxe4 Bxe4 13. Bf4 a6 14. Be2 Rfe8
15. Bh5 Rad8 16. f3 Bg6 17. Bxg6 hxg6 18. Bg5 Ne7 19. f4 Nf5 20. Bxd8 Nxe3 21.
Qe2 Nxf1 22. Bh4 Nxh2 23. Kxh2 Qd6 24. Bg3 Qe7 25. Rh1 g5 26. Qh5 gxf4 27. Bxf4
c6 28. Kg1 f6 29. Qg6 Qf7 30. Rh8+ {Black resigns} 1-0

[Event "Team 45 45 League T73"]
[Site "Internet Chess Club"]
[Date "2017.07.25"]
[Round "6"]
[White "vedv"]
[Black "olivermx"]
[Result "0-1"]
[WhiteElo "1004"]
[BlackElo "1340"]
[Opening "Four knights: Italian variation"]
[ECO "C47"]
[Time "12:13:30"]
[TimeControl "2700+45"]

1. e4 e5 2. Nf3 Nc6 3. Nc3 Nf6 4. Bc4 Bb4 5. Ng5 O-O 6. Nd5 Nxd5 7. Bxd5 Qxg5 8.
Bxc6 bxc6 9. O-O Bb7 10. d4 Qg6 11. dxe5 Ba6 12. Qxd7 Bxf1 13. Kxf1 Ba5 14. Qxc6
Qxc6 15. c3 Qxe4 16. Be3 Qxe5 17. Bd4 Qxh2 18. Re1 Rae8 19. Rxe8 Rxe8 20. Be3
Bb6 21. Ke2 Qxg2 22. c4 Bxe3 23. Kd3 Rd8+ 24. Kxe3 Re8+ 25. Kd3 Qxf2 26. Kc3 Rb8
27. Kd3 Qf4 28. a3 Rb3+ 29. Kc2 Qxc4+ 30. Kb1 Qe2 31. Kc1 Rxb2 32. a4 Qc2#
{White checkmated} 0-1

[Event "Team 45 45 League T73"]
[Site "Internet Chess Club"]
[Date "2017.07.22"]
[Round "6"]
[White "clarinetref"]
[Black "Insan996"]
[Result "0-1"]
[WhiteElo "1512"]
[BlackElo "1635"]
[Opening "Réti opening"]
[ECO "A05"]
[Time "20:34:57"]
[TimeControl "2700+45"]

1. Nf3 Nf6 2. g3 b6 3. c4 Bb7 4. Bg2 e6 5. Nc3 Bb4 6. Qb3 Qe7 7. O-O O-O 8. d3
Nc6 9. a3 Bxc3 10. Qxc3 d6 11. b4 e5 12. e4 Nd8 13. Nh4 Ne6 14. Nf5 Qd7 15. Be3
c5 16. Qb2 Nd4 17. Bh3 Qc7 18. Bxd4 cxd4 19. Qd2 Bc8 20. Nxg7 Nxe4 21. dxe4 Bxh3
22. Qg5 Kh8 23. Qf6 Qd8 24. Qh6 Bxf1 25. Nf5 Rg8 26. Rxf1 Rg6 27. Qd2 Rc8 28. f4
f6 29. fxe5 dxe5 30. Nh6 Qf8 31. Nf5 Rxc4 32. Qd3 Rc3 33. Qa6 Rc7 34. Qb5 Rg4
35. Qd5 Qe8 36. Nd6 Qg8 37. Qxg8+ Rxg8 38. Rxf6 Rg6 39. Rf8+ Kg7 40. Rd8 Re6 41.
Ne8+ Rxe8 42. Rxe8 Kf6 43. Rf8+ Ke7 44. Rf5 Ke6 45. g4 Rc3 46. Rh5 Re3 47. Rh6+
Kf7 48. Rxh7+ Kg6 49. Rxa7 Rxe4 50. h3 d3 51. Rd7 Re3 52. Kf1 e4 53. h4 Rg3 54.
Rd6+ Kf7 55. g5 Rh3 56. Rf6+ Kg7 57. h5 Rxh5 58. Re6 Rh1+ 59. Kf2 d2 60. Rd6
d1=Q 61. Rxd1 Rxd1 62. Ke3 Re1+ 63. Kd2 Ra1 64. Ke3 Rxa3+ 65. Kxe4 Rb3 66. b5
Rxb5 67. Kf4 Rc5 {White resigns} 0-1

[Event "Team 45 45 League T73"]
[Site "Internet Chess Club"]
[Date "2017.07.22"]
[Round "6"]
[White "Gilguli"]
[Black "kutch"]
[Result "1-0"]
[WhiteElo "1427"]
[BlackElo "1510"]
[Opening "Vienna gambit"]
[ECO "C29"]
[Time "10:25:24"]
[TimeControl "2700+45"]

1. e4 e5 2. Nc3 Nf6 3. f4 d5 4. fxe5 Nxe4 5. Nxe4 Qh4+ 6. Ng3 Bc5 7. Nf3 Qe7 8.
d4 Bb6 9. Be2 Bg4 10. O-O Nc6 11. Bg5 Qb4 12. Rb1 h6 13. c3 Qa5 14. Bd2 Qxa2 15.
b4 O-O 16. Qb3 Qxb3 17. Rxb3 Bxf3 18. Bxf3 Nxe5 19. Bxd5 c6 20. Be4 Nc4 21. Bc1
Rfe8 22. Bd3 Ne5 23. Bc2 Nc4 24. Rb1 g6 25. Bb3 Nd6 26. Bf4 Nf5 27. Nxf5 gxf5
28. Bxh6 Kh7 29. Bg5 Re2 30. Rbe1 Rb2 31. Bxf7 Rf8 32. Bc4 Rc2 33. Rf3 Bxd4+ 34.
cxd4 Rxc4 35. Rh3+ Kg6 36. Rg3 Kh5 37. h4 Rxd4 38. Re6 Rh8 39. Kh2 Rxb4 40. Be7
Rg4 41. Rxg4 Kxg4 42. Rg6+ Kf4 43. Bg5+ Ke4 44. Re6+ Kd5 45. Re7 b5 46. Rxa7 b4
47. Rb7 Kc4 48. Kg3 c5 49. Kf4 Kb3 50. Kxf5 c4 51. Be7 Kc3 52. Bf6+ {Black
forfeits on time} 1-0

[Event "Team 45 45 League T73"]
[Site "Internet Chess Club"]
[Date "2017.07.22"]
[Round "6"]
[White "sdcohle"]
[Black "tamky70"]
[Result "1/2-1/2"]
[WhiteElo "1384"]
[BlackElo "1311"]
[Opening "Grünfeld: modern exchange variation"]
[ECO "D85"]
[Time "14:31:29"]
[TimeControl "2700+45"]

1. d4 Nf6 2. c4 g6 3. Nc3 d5 4. cxd5 Nxd5 5. e4 Nxc3 6. bxc3 Bg7 7. Nf3 O-O 8.
Be2 c5 9. O-O cxd4 10. cxd4 Nc6 11. Bb2 Bg4 12. e5 Be6 13. a3 Bd5 14. Qa4 Qa5
15. Qxa5 Nxa5 16. Rad1 Rfc8 17. Rc1 h6 18. Rxc8+ Rxc8 19. Rc1 Rxc1+ 20. Bxc1 Kh7
21. Nd2 e6 22. f4 Bf8 23. Kf2 Nb3 24. Nxb3 Bxb3 25. Bf3 b6 26. Be2 Be7 27. Ke3
Bd5 28. g3 Kg7 29. a4 Kf8 30. Bb5 Bb7 31. h4 h5 32. Bd2 a6 33. Bc4 Ke8 34. Kd3
Kd7 35. Kc3 a5 36. Bb5+ Kd8 37. Be3 Bb4+ 38. Kd3 Bg2 39. d5 Bf1+ 40. Ke4 Bxb5
41. Bxb6+ Ke7 42. d6+ Kd7 43. axb5 a4 44. Bd4 Kc8 45. Kd3 Be1 46. b6 Ba5 47. Kc4
a3 48. Kb3 Be1 49. Kxa3 Bxg3 50. Be3 Bxh4 51. Ka4 Kb7 52. Kb5 Bd8 53. Bf2 h4 54.
d7 Be7 55. Bc5 Bd8 56. Bf2 Be7 57. Bc5 Bd8 58. Bf2 Be7 59. Bc5 Bd8 60. Bf2 Be7
{Game drawn by repetition} 1/2-1/2

[Event "Team 45 45 League T73"]
[Site "Internet Chess Club"]
[Date "2017.07.22"]
[Round "6"]
[White "Toalla"]
[Black "Visin"]
[Result "0-1"]
[WhiteElo "1188"]
[BlackElo "1270"]
[Opening "Scotch gambit: Benima defense"]
[ECO "C50"]
[Time "14:02:39"]
[TimeControl "2700+45"]

1. e4 e5 2. Nf3 Nc6 3. Bc4 Be7 4. d4 exd4 5. O-O d6 6. Nxd4 Nf6 7. Nc3 Bd7 8. f4
a6 9. a3 O-O 10. h3 h6 11. Nf5 Bxf5 12. exf5 Qd7 13. g4 Rad8 14. b4 Nh7 15. Bb2
b5 16. Ba2 Bh4 17. Qf3 Rde8 18. Nd5 Nf6 19. Ne3 Re7 20. Ng2 Ne4 21. Nxh4 Nd2 22.
Qg2 Nxf1 23. Rxf1 Kh7 24. Bb1 Rfe8 25. c4 f6 26. g5 Re2 27. g6+ Kh8 28. Qd5 Rxb2
29. cxb5 axb5 30. Qf7 Qe7 31. Qxe7 Rxe7 32. Bd3 Nd4 33. Rf2 Rb3 {White resigns}
0-1

[Event "Team 45 45 League T73"]
[Site "Internet Chess Club"]
[Date "2017.07.23"]
[Round "6"]
[White "WillC"]
[Black "Portola"]
[Result "1/2-1/2"]
[WhiteElo "1642"]
[BlackElo "1672"]
[Opening "QGD: Orthodox defense, Pillsbury attack"]
[ECO "D63"]
[Time "15:02:06"]
[TimeControl "2700+45"]

1. d4 d5 2. c4 e6 3. Nc3 Nf6 4. Bg5 Be7 5. e3 O-O 6. Nf3 Nbd7 7. Rc1 b6 8. cxd5
exd5 9. Bd3 Bb7 10. O-O c5 11. Re1 Ne4 12. Bf4 a6 13. a4 Rc8 14. Qe2 Ra8 15. Ne5
Nxe5 16. Bxe5 Nf6 17. Bf5 Re8 18. Qc2 h6 19. Rcd1 Nd7 20. Bf4 cxd4 21. Rxd4 Bf6
22. Rd2 Rc8 23. Qd3 Bxc3 24. bxc3 Rc5 25. Bd6 Ra5 26. Qd4 Nf6 27. Be5 Qe7 28.
Bxf6 gxf6 29. Qg4+ Kf8 30. Rd4 Qe5 31. Qh3 Bc6 32. Qxh6+ Ke7 33. Bc2 Rc5 34. Rd3
Rxc3 35. Bb1 Rxd3 36. Bxd3 Qc3 37. Rd1 Bxa4 38. Qh5 Bxd1 39. Qxd1 b5 40. h4 Rh8
41. h5 Qc5 42. Qe2 Kf8 43. g4 Qc3 44. Kg2 Qb4 45. f4 Qc5 46. Kg3 Qd6 47. Qf3 b4
48. Kh4 a5 49. Qd1 Qc5 50. Qa1 Qxe3 51. Qxf6 Qf2+ 52. Kg5 Rg8+ 53. Kf5 Qe3 54.
Qd6+ Qe7 55. Qh6+ Rg7 56. Qh8+ Rg8 57. Qh6+ Rg7 58. Qh8+ Rg8 59. Qh6+ {Game
drawn by repetition} 1/2-1/2

[Event "Team 45 45 League T73"]
[Site "Internet Chess Club"]
[Date "2017.07.19"]
[Round "6"]
[White "rubo"]
[Black "Mitochondria"]
[Result "0-1"]
[WhiteElo "1534"]
[BlackElo "1596"]
[Opening "Sicilian: Grand Prix attack"]
[ECO "B23"]
[Time "21:23:08"]
[TimeControl "2700+45"]

1. e4 c5 2. Nc3 Nc6 3. f4 d6 4. Nf3 Bg4 5. Bc4 Nf6 6. d3 e6 7. O-O Nd4 8. e5
Bxf3 9. gxf3 Nh5 10. Nb5 Nf5 11. exd6 Bxd6 12. Nxd6+ Nxd6 13. Bb3 a6 14. Qe1 Qf6
15. Qe5 Qxe5 16. fxe5 Nf5 17. c3 O-O 18. f4 g6 19. Bd1 Nhg7 20. Bf3 Rab8 21. Be4
Rfd8 22. Bd2 b5 23. a3 c4 24. d4 Ne7 25. Be3 Nd5 26. Rf3 Nxe3 27. Rxe3 Ne8 28.
Bf3 Nc7 29. Kf2 Nd5 30. Bxd5 Rxd5 31. h4 a5 32. h5 Kg7 33. Rg1 b4 34. axb4 axb4
35. Ra1 bxc3 36. bxc3 Rb2+ 37. Re2 Rdb5 38. hxg6 hxg6 39. Ra4 Rb1 40. Rxc4 Rc1
41. Rc7 Rb3 42. d5 Rcxc3 43. Rxc3 Rxc3 44. d6 Rd3 45. Re3 Rd5 46. Ke2 f6 47. Rd3
Kf7 48. Rxd5 exd5 49. Kd3 g5 50. d7 Ke7 51. e6 g4 52. f5 g3 53. Ke2 d4 54. Kf3
d3 55. Kxg3 d2 56. Kf4 d1=Q 57. Ke4 Qg4+ 58. Kd5 Qxf5+ {White resigns} 0-1